 Dungeon Crawl Stone Soup version 0.28.0 (webtiles) character file.

Game seed: 6045154681192315652

3215 freelancePsychic the Nimble (level 9, -7/73 HPs)
             Began as a Merfolk Ice Elementalist on Feb 12, 2022.
             Was an Initiate of Gozag.
             Succumbed to a gnoll sergeant's poison
             ... on level 8 of the Dungeon.
             The game lasted 00:21:36 (8050 turns).

freelancePsychic the Nimble (MfIE)                  Turns: 8050, Time: 00:21:36

Health: -7/73      AC: 13    Str:  9    XL:     9   Next: 97%
Magic:  2/15       EV: 15    Int: 18    God:    Gozag
Gold:   286        SH:  0    Dex: 14    Spells: 4/16 levels left

rFire   . . .      SeeInvis .   u - +1 short sword (venom)
rCold   + . .      Faith    .   (no shield)
rNeg    + . .      Spirit   .   v - +0 leather armour {Will+}
rPois   .          Reflect  .   t - +0 helmet
rElec   .          Harm     .   q - +2 cloak {Stlth+}
rCorr   .          Rampage  .   e - +0 pair of gloves
Will    +....                   (no boots)
Stlth   +++.......              B - amulet of regeneration
HPRegen 1.02/turn               b - ring of positive energy
MPRegen 0.14/turn               C - ring of protection from cold

@: mighty, lethally poisoned (-7 -> -55), ice-armoured, gold aura, freezing
walls, attractive
A: (nimble swimmer 2), mertail
a: Renounce Religion, Potion Petition, Call Merchant, Bribe Branch


You were on level 8 of the Dungeon.
You worshipped Gozag.
Gozag was aware of your devotion.
You visited 1 branch of the dungeon, and saw 8 of its levels.
You also visited: Bailey.

You collected 1025 gold pieces.
You paid 739 gold pieces to Gozag.

Inventory:

Hand Weapons
 u - a +1 short sword of venom (weapon)
Armour
 d - a +2 scale mail of fire resistance
 e - a +0 pair of gloves (worn)
 q - a +2 cloak of stealth (worn)
 t - a +0 helmet (worn)
 v - a +0 leather armour of willpower (worn)
Jewellery
 b - a ring of positive energy (left hand)
 h - a ring of fire
 B - an amulet of regeneration (around neck)
 C - a ring of protection from cold (right hand)
Wands
 m - a wand of paralysis (8)
 p - a wand of flame (21)
 A - a wand of iceblast (14)
 G - a wand of mindburst (19)
Scrolls
 a - 2 scrolls of fear
 f - 3 scrolls of amnesia
 i - 3 scrolls of summoning
 j - 3 scrolls of teleportation {@r4}
 l - a scroll of vulnerability
 o - 3 scrolls of blinking
 w - a scroll of immolation
 y - a scroll of torment {unknown}
 z - 3 scrolls of fog
 E - a scroll of noise {unknown}
 H - a scroll of enchant weapon
Potions
 c - 3 potions of brilliance {unknown}
 g - a potion of mutation {unknown}
 k - a potion of berserk rage {unknown}
 n - 2 potions of might
 r - 2 potions of attraction
 s - a potion of curing {unknown}
 x - 3 potions of haste {unknown}
 F - a potion of flight {unknown}
Miscellaneous
 D - a tin of tremorstones (2/2)


   Skills:
 + Level 7.6 Fighting
 + Level 8.7 Dodging
 - Level 2.1 Stealth
 - Level 4.0 Spellcasting
 + Level 4.2 Conjurations
 + Level 8.1 Transmutations
 - Level 5.9 Ice Magic


You had 4 spell levels left.
You knew the following spells:

 Your Spells              Type           Power      Damage    Failure   Level
a - Freeze                Ice            100%       1d11      1%          1
b - Frozen Ramparts       Ice            50%        1d7       5%          3
c - Ozocubu's Armour      Ice            25%        N/A       5%          3
d - Irradiate             Conj/Tmut      12%        3d18      41%         5

Your spell library contained the following spells:

 Spells                   Type           Power      Damage    Failure   Level
 Beastly Appendage        Tmut           64%        N/A       1%          1
 Wereblood                Tmut           32%        N/A       1%          2
 Spider Form              Tmut/Pois      18%        N/A       12%         3
 Ignite Poison            Fire/Tmut/Pois 13%        N/A       21%         3
 Conjure Flame            Conj/Fire      11%        6-21      26%         3
 Hailstorm                Conj/Ice       21%        3d6       26%         4
 Sublimation of Blood     Necr           3%         N/A       30%         2
 Petrify                  Tmut/Erth      18%        N/A       36%         4
 Gell's Gravitas          Tloc           3%         N/A       52%         3
 Teleport Other           Tloc           3%         N/A       52%         3
 Sticky Flame             Conj/Fire      11%        2d3       65%         4
 Metabolic Englaciation   Hex/Ice        7%         N/A       86%         5
 Dispersal                Tloc           1%         N/A       100%        6
 Simulacrum               Ice/Necr       7%         N/A       100%        6


Dungeon Overview and Level Annotations

Branches:
Dungeon (8/15)             Temple (0/1) D:6          Bailey (visited)
   Lair: D:8-11

Altars:
Elyvilon
Gozag

Shops:
D:2 [   D:7 [[!   D:8 :

Annotations:
D:2 exclusion: downstairs


Innate Abilities, Weirdness & Mutations

((You are very nimble when in or above water. (Stealth+, EV+, Speed+++)))
Your lower body shifts to a powerful aquatic tail in water.


Message History

You are poisoned.
The wall freezes the gnoll.
You feel very sick.
The wall freezes the gnoll sergeant.
The gnoll sergeant closely misses you.
The wall freezes the gnoll!
The gnoll hits you with a +0 whip.
The frozen ramparts melt away.
You feel sick.
The gnoll sergeant hits you from afar with a +5 trident of venom.
You are more poisoned.
The gnoll hits you but does no damage.
You hit the gnoll but do no damage.
The gnoll is poisoned.
The gnoll is severely wounded.
You feel very sick.
The gnoll sergeant hits you from afar with a +5 trident of venom!
You are more poisoned.
The gnoll barely misses you.
Casting: Ozocubu's Armour (dangerous; 5% risk of failure)
Confirm with . or Enter, or press ? or * to list all spells.
Casting: Frozen Ramparts (dangerous; 5% risk of failure)
Press: ? - help, Dir - look around, f - activate The walls around you are covered in ice.
You feel extremely sick.
The wall freezes the gnoll sergeant.
The gnoll sergeant hits you from afar with a +5 trident of venom.
You are lethally poisoned!
The wall freezes the gnoll.
You kill the gnoll!
It was a potion of attraction.
You feel attractive to monsters.
* * * LOW HITPOINT WARNING * * *
You feel extremely sick.
The wall freezes the gnoll sergeant.
The gnoll sergeant hits you from afar with a +5 trident of venom!
* * * LOW HITPOINT WARNING * * *
You are more poisoned.
The gnoll sergeant is attracted toward you.
You need at least 400 gold to purchase potions right now!
It was a potion of might.
You feel very mighty all of a sudden.
You die...
Your body crumbles into a pile of gold.

*,*,,*,,**,....###
#.#.*,,,**,...>...
####..###,,**,....###
#......#.,,**,.,,,*
#.#.#....,*********
##.....#.#**
#..#ยง#$#.# #######
#...$g$#.# #.....#
#.###@##.# #.###.###
#........# #.# #....
########.#####.#
##### #.......#
#########


You could see a gnoll sergeant.

Vanquished Creatures
  A deep elf pyromancer (Bailey)
  An orc knight (Bailey)
  A water moccasin (D:7)
  A black bear (D:6)
  An ice beast (D:8)
  4 sky beasts
  6 orc warriors
  An ogre (D:7)
  A centaur (D:6)
  A gnoll sergeant (D:8)
  4 scorpions
  A water moccasin skeleton (D:6)
  A hound (D:6)
  4 orc priests (D:7)
  Crazy Yiuf (D:3)
  A centaur skeleton (D:4)
  Jessica (D:2)
  Terence (D:2)
  4 iguanas
  3 orc wizards
  8 gnolls (D:8)
  3 adders
  A howler monkey skeleton (D:7)
  2 white imps
  A worm (D:2)
  2 dart slugs
  25 orcs
  7 ball pythons
  5 bats
  4 endoplasms
  3 giant cockroaches
  10 goblins
  7 hobgoblins
  2 quokkas
  2 frilled lizards (D:2)
  8 kobolds
  3 rats (D:1)
132 creatures vanquished.

Notes
Turn   | Place    | Note
-------+----------+-------------------------------------------
     0 | D:1      | freelancePsychic the Merfolk Ice Elementalist began the
                  | quest for the Orb.
     0 | D:1      | Reached XP level 1. HP: 13/13 MP: 3/3
   299 | D:1      | Reached XP level 2. HP: 15/20 MP: 0/5
   860 | D:1      | Reached skill level 1 in Fighting
  1475 | D:1      | Reached XP level 3. HP: 26/26 MP: 4/6
  1507 | D:2      | Noticed Terence
  1507 | D:2      | Found Gemyarho's Antique Armour Shop.
  1528 | D:2      | Noticed Jessica
  1579 | D:1      | Learned a level 3 spell: Frozen Ramparts
  1624 | D:2      | Reached skill level 5 in Ice Magic
  1750 | D:2      | Found a faded altar of an unknown god.
  1779 | D:2      | Killed Terence
  1780 | D:2      | Reached XP level 4. HP: 33/33 MP: 0/7
  1940 | D:2      | Killed Jessica
  2609 | D:3      | Noticed an ice beast
  2839 | D:3      | Reached XP level 5. HP: 38/38 MP: 7/9
  3017 | D:3      | Found an opulent altar of Gozag.
  3025 | D:3      | Became a worshipper of Gozag Ym Sagoz the Greedy
  3385 | D:3      | Found a runed translucent door.
  3386 | D:3      | Noticed Crazy Yiuf
  3474 | D:3      | Killed Crazy Yiuf
  3616 | D:4      | Reached skill level 1 in Transmutations
  3885 | D:4      | Reached XP level 6. HP: 44/46 MP: 7/10
  4072 | D:4      | Learned a level 3 spell: Ozocubu's Armour
  4315 | D:4      | Reached skill level 1 in Conjurations
  4656 | D:5      | Entered Level 5 of the Dungeon
  4727 | D:5      | Found a white marble altar of Elyvilon.
  4753 | D:5      | Noticed a sky beast
  4765 | D:5      | Killed a sky beast
  5183 | D:5      | Reached XP level 7. HP: 52/52 MP: 7/11
  5208 | D:6      | Found a staircase to the Ecumenical Temple.
  5566 | D:6      | Reached skill level 5 in Dodging
  5754 | D:6      | Reached XP level 8. HP: 61/61 MP: 9/12
  5951 | D:7      | Found Tyxzolol's Armour Emporium.
  6130 | D:7      | Reached skill level 5 in Fighting
  6130 | D:7      | Reached skill level 5 in Transmutations
  6225 | D:7      | Found Relynuq's Distillery.
  6875 | D:7      | Found Gijom's Antique Armour Shop.
  7167 | D:8      | Reached XP level 9. HP: 62/69 MP: 6/14
  7174 | D:8      | Found a flagged portal.
  7253 | Bailey   | Entered a bailey
  7384 | Bailey   | Learned a level 5 spell: Irradiate
  7454 | Bailey   | Noticed an orc knight
  7477 | Bailey   | Killed an orc knight
  7645 | Bailey   | Found a large runed translucent door.
  7645 | Bailey   | Found a large runed translucent door.
  7646 | Bailey   | Noticed a deep elf pyromancer
  7688 | Bailey   | Killed a deep elf pyromancer
  8050 | D:8      | Succumbed to a gnoll sergeant's poison

Illustrated notes

Levels and vault maps discovered:
D:1:      onia_arrival_pyramid, layout_basic, minmay_misc_feat_columns
D:2:      layout_rooms, serial_shops, shop, serial_rivers,
          chequers_serial_rivers_micro_d, chequers_serial_rivers_micro_c,
          chequers_serial_rivers_small_3, chequers_serial_rivers_small_3,
          ebering_ecumenical_altar_sacrificial, minmay_tiny_reverse_x,
          uniq_jessica, uniq_terence
D:3:      layout_basic, grunt_gozag_statues, mainiacjoe_overflow_alcove_1,
          uniq_crazy_yiuf_cottage
D:4:      layout_loops_ring
D:5:      layout_cave_pods, kennysheep_mini_moat
D:6:      layout_rooms, minmay_temple_entry_statues_fountains, serial_rivers,
          chequers_serial_rivers_micro_b, chequers_serial_rivers_large_b,
          chequers_serial_rivers_small_a, chequers_serial_rivers_micro_c,
          chequers_serial_rivers_micro_c, chequers_serial_rivers_micro_c
D:7:      layout_gridville, serial_shops, nicolae_shop_hallway_stairs,
          nicolae_shop_waterfront, nicolae_shop_competitors_out_of_business
D:8:      layout_loops_cross, enter_bailey_5, serial_glass, glass_columns_c,
          glass_columns_a

Skill      XL: |  1  2  3  4  5  6  7  8  9 |
---------------+----------------------------+-----
Fighting       | 1 2 3 4 5 7 |  7.6
Ice Magic      | 5 |  5.9
Spellcasting   | 3 4 |  4.0
Dodging        | 3 4 5 6 8 |  8.7
Transmutations | 1 2 4 6 8 |  8.1
Conjurations   | 1 2 3 4 |  4.2
Stealth        | |  2.1

Action                   |  1- 3 |  4- 6 |  7- 9 || total
-------------------------+-------+-------+-------++-------
Melee: Unarmed           |     3 |     1 |       ||     4
       Short sword       |       |    23 |   185 ||   208
       Punch             |       |       |     2 ||     2
       Tailslap          |       |       |     1 ||     1
 Cast: Freeze            |    40 |    31 |       ||    71
       Frozen Ramparts   |     4 |    14 |    29 ||    47
       Ozocubu's Armour  |       |     4 |    23 ||    27
Invok: Call Merchant     |       |       |     1 ||     1
Evoke: Wand              |       |       |     9 ||     9
  Use: Scroll            |     2 |     5 |     4 ||    11
       Potion            |       |       |     2 ||     2
 Stab: Sleeping          |       |       |     3 ||     3
Armor: Robe              |     8 |    19 |    56 ||    83
       Leather armour    |       |       |    29 ||    29
Dodge: Dodged            |    24 |    42 |   162 ||   228
